 Dungeon Crawl Stone Soup version 0.27-a0-1006-g1fd4cec11e (webtiles) character file.

Game seed: 9455362153516261131

32 scammafunk the Magician (level 3, 0/25 HPs)
             Began as a Djinni Fire Elementalist on Apr 18, 2021.
             Slain by a jackal (1 damage)
             ... on level 1 of the Dungeon.
             The game lasted 00:03:08 (1540 turns).

scammafunk the Magician (Djinni Fire Elementalist)  Turns: 1540, Time: 00:03:08

Health: 0/25       AC:  2    Str:  5 (7)  XL:     3   Next: 25%
Gold:   21         EV: 12    Int: 15 (17) God:
                   SH:  0    Dex: 12 (13)

rFire    + + .     SeeInvis .   g - +0 dagger
rCold    x . .     Faith    .   (no shield)
rNeg     . . .     Spirit   .   a - +0 robe
rPois    ∞         Reflect  .   (no helmet)
rElec    .         Harm     .   (no cloak)
rCorr    .         Rampage  .   (no gloves)
Will     .....                  (boots unavailable)
Stlth    ++........             (no amulet)
HPRegen  0.08/turn              (no ring)
MPRegen  0.00/turn              (no ring)

@: flying
A: fire resistance 2, cold vulnerability 1, float, innate caster, hp casting,
extra vitality 1
a: no special abilities


You were on level 1 of the Dungeon.
You visited 1 branch of the dungeon, and saw 2 of its levels.

You collected 21 gold pieces.

Inventory:

Hand Weapons
 g - a +0 dagger (weapon)
Armour
 a - a +0 robe (worn)
Jewellery
 d - an amulet of guardian spirit
 e - an amulet of magic regeneration


   Skills:
 - Level 2.3 Dodging
 - Level 1.6 Stealth
 + Level 3.6 Spellcasting


You couldn't memorise any spells.
You knew the following spells:

 Your Spells              Type           Power      Damage    Failure   Level
a - Foxfire               Conj/Fire      52%        2x1d6     4%          1
b - Conjure Flame         Conj/Fire      13%        6-21      13%         3
c - Inner Flame           Hex/Fire       13%        N/A       13%         3
d - Sticky Flame          Conj/Fire      13%        2d4       38%         4
e - Fireball              Conj/Fire      6%         3d5       75%         5
f - Magic Dart            Conj           52%        1d5       4%          1
Your spell library was empty.

Dungeon Overview and Level Annotations

Branches:
Dungeon (2/15)

Altars:


Innate Abilities, Weirdness & Mutations

You are immune to poison.
Your flesh is very heat resistant. (rF++)
You are vulnerable to cold. (rC-)
You float through the air rather than walking.
You learn spells naturally, not from books.
Your magical power is your life essence.
You have superior vitality. (+4 HP)


Message History

The jackal barely misses you.
Things that are here:
a +0 dagger; a goblin corpse The adder bites you.
You hit the adder but do no damage.
The adder is almost dead.
The adder bites you.
You barely miss the adder.
The adder is almost dead.
The adder closely misses you. The jackal closely misses you.
The adder bites you but does no damage. The jackal bites you.
You see here 31 stones.
The jackal closely misses you. The jackal barely misses you.
The jackal bites you.
There is a stone staircase leading up here.
The jackal closely misses you. The adder bites you.
* * * LOW HITPOINT WARNING * * *
The jackal barely misses you.
You fly upwards.
There is a stone staircase leading down here.
You closely miss the adder.
The adder is almost dead.
The adder bites you.
* * * LOW HITPOINT WARNING * * *
The jackal misses you. The adder barely misses you.
You completely miss the adder.
The adder is almost dead.
The jackal barely misses you. The adder bites you but does no damage.
The jackal bites you but does no damage.
You hit the adder but do no damage.
The adder is almost dead.
The adder bites you.
* * * LOW HITPOINT WARNING * * *
The jackal bites you but does no damage.
You miss the adder.
The adder is almost dead.
The adder closely misses you. The jackal bites you.
You die...

.....###.## #.#..# #......#
#... .....# #.# #.#..#
#......# ##..
.....###.####....#
###.#########
.............#...# #.# #.###
####.........#...# #.# #.#>#
#.........##..######.#####....
#.........##..................
#.........##hS###########.##..
#............@# #.####
#.........##### #...##
#.........# ##..># #...^.....#
#.... #.........# #####
###########


You could see an adder and a jackal.

Vanquished Creatures
  A gnoll (D:1)
  A dart slug (D:1)
  2 endoplasms
  A giant cockroach (D:2)
  3 goblins
  3 hobgoblins
  2 jackals (D:2)
  2 kobolds (D:1)
  A ball python (D:2)
  A frilled lizard (D:2)
  2 rats (D:2)
19 creatures vanquished.

Vanquished Creatures (others)
  74 foxfires
74 creatures vanquished.

Grand Total: 93 creatures vanquished

Notes
Turn   | Place    | Note
-------+----------+-------------------------------------------
     0 | D:1      | scammafunk the Djinni Fire Elementalist began the quest for
                  | the Orb.
     0 | D:1      | Reached XP level 1. HP: 15/15 MP: 0/0
    51 | D:1      | Reached skill level 3 in Spellcasting
    51 | D:1      | Reached XP level 2. HP: 7/21 MP: 0/0
  1163 | D:2      | Reached XP level 3. HP: 20/25 MP: 0/0
  1163 | D:2      | Learned a level 1 spell: Magic Dart
  1539 | D:1      | HP: 1/25 [adder (2)]
  1540 | D:1      | Slain by a jackal

Illustrated notes

Levels and vault maps discovered:
D:1:      dpeg_arrival_long_road, layout_basic, chequers_mini_garden,
          corexii_leaking_fountain
D:2:      layout_rooms, basic_ecumenical_altar

Skill      XL: |  1 |
---------------+----+-----
Spellcasting   | 3 |  3.6
Dodging        | |  2.3
Stealth        | |  1.6

Action                   || total
-------------------------++-------
Melee: Unarmed           ||     2
       Dagger            ||     9
 Cast: Foxfire           ||    53
  Use: Potion            ||     2
       Scroll            ||     1
Armor: Robe              ||     7
Dodge: Dodged            ||    16

Table legend: (Time is in decaauts)
 A = Elapsed time spent in this place.
 B = Non-inter-level travel time spent in this place.
 C = Inter-level travel time spent in this place.
 D = Time resting spent in this place.
 E = Time spent auto-exploring this place.
 F = Levels seen in this place.
 G = Mean time per level.
                   A        B        C        D        E       F      G
               +--------+--------+--------+--------+--------+-----+--------+
         Total |   1539 |   1533 |      6 |      0 |   1328 |   2 |  769.5 |
       Dungeon |   1539 |   1533 |      6 |      0 |   1328 |   2 |  769.5 |
               +--------+--------+--------+--------+--------+-----+--------+

Top non-repeatable levels by time:
     D:1: 1021 daAuts
     D:2: 518 daAuts
